 Dungeon Crawl Stone Soup version 0.27-a0-277-g024f7ef292 (webtiles) character file.

Game seed: 17065310667575546983

11013 Borgoz the Grappler (level 11, -7/99 HPs)
             Began as a Ghoul Gladiator on Feb 5, 2021.
             Was a Priest of Okawaru.
             Mangled by an eight-headed hydra (12 damage)
             ... on level 11 of the Dungeon.
             The game lasted 00:14:06 (14131 turns).

Borgoz the Grappler (Ghoul Gladiator)              Turns: 14131, Time: 00:14:06

Health: -7/99      AC:  9    Str: 25    XL:     11   Next: 71%
Magic:  13/13      EV: 16    Int:  3    God:    Okawaru [***...]
Gold:   597        SH: 10    Dex: 13    Spells: 10/10 levels left

rFire    . . .     SeeInvis .     - Unarmed
rCold    + . .     Faith    .   m - +0 buckler
rNeg     + + +     Spirit   .   z - +2 leather armour {Will+}
rPois    ∞         Reflect  +   b - +1 helmet
rElec    .         Harm     .   o - +0 cloak
rCorr    .         Rampage  .   (no gloves)
Will     ++...                  (no boots)
Stlth    +.........             r - amulet of reflection
HPRegen  0.00/turn              s - +6 ring of strength
MPRegen  0.13/turn              B - ring of willpower

@: very slow
A: claws 1, cold resistance 1, negative energy resistance 3, inhibited
regeneration, torment resistance, unbreathing
a: Renounce Religion, Heroism


You were on level 11 of the Dungeon.
You worshipped Okawaru.
Okawaru was most pleased with you.
You visited 2 branches of the dungeon, and saw 12 of its levels.
You also visited: Sewer and Ossuary.

You collected 597 gold pieces.

Inventory:

Missiles
 c - 2 throwing nets (quivered)
Armour
 b - a +1 helmet (worn)
 m - a +0 buckler (worn)
 o - a +0 cloak (worn)
 z - a +2 leather armour of willpower (worn)
Jewellery
 e - an uncursed ring of protection from fire
 g - an uncursed ring of protection from cold
 r - an amulet of reflection (around neck)
 s - a +6 ring of strength (left claw)
 B - a ring of willpower (right claw)
Wands
 v - a wand of paralysis (16)
 w - a wand of acid (13)
Scrolls
 a - 4 scrolls of remove curse
 j - 4 scrolls of enchant armour
 k - a scroll of random uselessness {unknown}
 l - 5 scrolls of blinking
 q - 6 scrolls of teleportation
 x - 2 scrolls of enchant weapon
 y - a scroll of magic mapping
 A - a scroll of silence {unknown}
 D - a scroll of amnesia {unknown}
Potions
 d - a potion of might
 f - 2 potions of brilliance
 h - 4 potions of flight
 n - 7 potions of lignification {unknown}
 p - 4 potions of curing
 t - 2 potions of haste
 u - 2 potions of cancellation


   Skills:
 + Level 9.6 Fighting
 - Level 1.7 Throwing
 + Level 7.9 Armour
 + Level 8.4 Dodging
 - Level 4.0 Shields
 + Level 9.9 Unarmed Combat
 + Level 4.3 Invocations


You had 10 spell levels left.
You didn't know any spells.
Your spell library contained the following spells:

 Spells                   Type           Power        Failure   Level
 Animate Skeleton         Necr           0%           56%         1
 Apportation              Tloc           0%           56%         1
 Corona                   Hex            0%           56%         1
 Sting                    Tmut/Pois      0%           56%         1
 Summon Small Mammal      Summ           0%           56%         1
 Call Imp                 Summ           0%           71%         2
 Call Canine Familiar     Summ           0%           90%         3
 Summon Guardian Golem    Hex/Summ       0%           90%         3
 Summon Ice Beast         Ice/Summ       0%           100%        4
 Summon Lightning Spire   Summ/Air       0%           100%        4


Dungeon Overview and Level Annotations

Branches:
Dungeon (11/15)            Temple (1/1) D:6            Lair (0/6) D:11
    Orc (0/2) D:10          Sewer (visited)         Ossuary (visited)

Altars:
Ashenzari
Cheibriados
Dithmenos
Elyvilon
Fedhas
Gozag
Hepliaklqana
Kikubaaqudgha
Makhleb
Nemelex Xobeh
Okawaru
Qazlal
Ru
Sif Muna
Trog
Uskayaw
Vehumet
Wu Jian
Xom
Yredelemnul
Zin
The Shining One


Innate Abilities, Weirdness & Mutations

You thrive by killing the living.
You are immune to poison.
You have sharp fingernails.
Your flesh is cold resistant. (rC+)
You are immune to negative energy. (rN+++)
You do not regenerate when monsters are visible.
You are immune to unholy pain and torment.
You can survive without breathing.


Message History

The eight-headed hydra misses you.
The eight-headed hydra closely misses you.
The eight-headed hydra misses you. The eight-headed hydra bites you!
* * * LOW HITPOINT WARNING * * *
The eight-headed hydra completely misses you.
The eight-headed hydra bites you!
* * * LOW HITPOINT WARNING * * *
The eight-headed hydra bites you but does no damage.
You block the adder's attack.
You mangle the adder!!
You kill the adder!
Okawaru accepts your kill. The eight-headed hydra misses you.
The eight-headed hydra bites you!
* * * LOW HITPOINT WARNING * * *
The eight-headed hydra bites you.
* * * LOW HITPOINT WARNING * * *
The eight-headed hydra bites you.
* * * LOW HITPOINT WARNING * * *
The eight-headed hydra bites you!
You die...

## #. #. #. #. #### #.
###≈≈### #.
##≈≈≈≈≈≈##########
#@≈≈≈≈≈≈≈≈≈≈≈≈≈≈≈#
≈≈≈≈≈≈D≈≈≈≈≈≈≈≈≈≈≈≈≈≈≈≈≈
≈≈≈≈≈≈≈≈≈≈#≈≈≈≈≈≈≈≈≈≈≈≈≈
≈≈≈≈≈≈≈≈≈#####≈≈≈(÷≈≈≈≈≈
##≈##≈≈≈## #≈≈≈≈≈≈≈≈≈≈ #
##≈## #######≈≈≈≈ ##
####≈ ##


You could see an eight-headed hydra.

Vanquished Creatures
  Erica (D:9)
  A two-headed ogre (D:9)
  2 unseen horrors (D:10)
  2 cyclopes
  Joseph (D:9)
  A gargoyle (D:10)
  2 trolls
  A hornet (D:11)
  A water elemental (D:11)
  2 shadows
  4 yaks (D:10)
  A soldier ant (D:9)
  5 ice beasts
  A black bear (D:10)
  2 orc warriors
  9 ogres
  A necrophage (D:7)
  4 centaurs
  4 phantoms
  A big kobold (Sewer)
  7 bullfrogs
  4 scorpions
  A troll zombie (D:10)
  12 wights
  5 killer bees (D:10)
  3 electric eels (D:11)
  3 howler monkeys (D:8)
  7 hounds
  A jelly (D:5)
  A bullfrog skeleton (D:5)
  4 orc priests
  A centaur skeleton (D:8)
  4 iguanas
  13 orc wizards
  11 worker ants
  A big kobold zombie (Ossuary)
  5 ogre zombies (D:10)
  A hound skeleton (D:6)
  8 mummies (Ossuary)
  2 worker ant zombies
  13 adders
  2 shadow imps (D:5)
  2 white imps
  An ufetubus (D:7)
  An ooze (D:1)
  4 worms
  2 dart slugs (D:2)
  7 leopard geckos
  31 orcs
  11 bats
  4 giant cockroaches
  12 goblins
  7 hobgoblins
  16 jackals
  3 quokkas
  2 ball pythons
  4 frilled lizards
  2 goblin zombies (D:10)
  5 hobgoblin zombies
  A jackal skeleton (D:5)
  14 kobolds
  2 kobold zombies (Ossuary)
  16 orc zombies
  A quokka skeleton (D:2)
  12 rats
315 creatures vanquished.

Notes
Turn   | Place    | Note
-------+----------+-------------------------------------------
     0 | D:1      | Borgoz the Ghoul Gladiator began the quest for the Orb.
     0 | D:1      | Reached XP level 1. HP: 17/17 MP: 0/0
   167 | D:1      | Reached XP level 2. HP: 25/25 MP: 1/1
   855 | D:1      | Reached XP level 3. HP: 30/30 MP: 2/2
   898 | D:1      | Reached skill level 1 in Armour
  1398 | D:2      | Reached XP level 4. HP: 33/37 MP: 3/3
  1937 | D:2      | Found a blossoming altar of Fedhas.
  2018 | D:2      | Noticed a +0 hand axe
  2018 | D:2      | Noticed a +0 hand axe
  2023 | D:2      | Found a hide-covered altar of Uskayaw.
  2240 | D:3      | Reached XP level 5. HP: 45/45 MP: 4/4
  3186 | D:4      | Reached XP level 6. HP: 40/52 MP: 5/5
  3648 | D:4      | Reached skill level 5 in Unarmed Combat
  3650 | D:4      | Reached XP level 7. HP: 45/60 MP: 6/6
  3991 | D:5      | Entered Level 5 of the Dungeon
  4030 | D:5      | Found a glowing drain.
  4045 | Sewer    | Entered a sewer
  4277 | Sewer    | Found a white marble altar of Elyvilon.
  4347 | D:5      | Reached skill level 5 in Fighting
  4361 | D:5      | Reached XP level 8. HP: 22/68 MP: 7/7
  4678 | D:5      | Reached skill level 5 in Dodging
  4917 | D:5      | Found a shimmering blue altar of Sif Muna.
  4950 | D:5      | Identified Sif Muna's Handbook of Intoxication
  5826 | D:6      | Reached XP level 9. HP: 11/78 MP: 8/8
  6137 | D:6      | Reached skill level 5 in Armour
  6288 | D:6      | Found a staircase to the Ecumenical Temple.
  6305 | Temple   | Entered the Ecumenical Temple
  6596 | D:6      | Found a white marble altar of Elyvilon.
  6906 | D:6      | Found a shimmering altar of Xom.
  7196 | D:7      | Found a burning altar of Makhleb.
  7502 | D:7      | Found a snail-covered altar of Cheibriados.
  7748 | D:7      | Reached skill level 1 in Shields
  8218 | D:8      | Found a sand-covered staircase.
  8245 | Ossuary  | Entered an ossuary
  9514 | D:9      | Noticed a two-headed ogre
  9515 | D:9      | Found an iron altar of Okawaru.
  9531 | D:9      | Killed a two-headed ogre
  9532 | D:9      | Reached XP level 10. HP: 30/88 MP: 9/9
  9536 | D:9      | Became a worshipper of Warmaster Okawaru
 10043 | D:9      | Noticed Erica
 10065 | D:9      | Killed Erica
 10065 | D:9      | Reached * piety under Okawaru
 10365 | D:9      | Noticed Joseph
 10381 | D:9      | Killed Joseph
 10828 | D:10     | Entered Level 10 of the Dungeon
 11098 | D:10     | Noticed a cyclops
 11108 | D:10     | Killed a cyclops
 11109 | D:10     | Reached skill level 1 in Invocations
 11158 | D:10     | Reached ** piety under Okawaru
 11173 | D:10     | Found a staircase to the Orcish Mines.
 11236 | D:10     | Reached XP level 11. HP: 32/95 MP: 11/11
 11739 | D:10     | Killed an unseen horror
 12073 | D:10     | Killed an unseen horror
 12073 | D:10     | Reached *** piety under Okawaru
 13431 | D:11     | Found a staircase to the Lair.
 13598 | D:11     | Found a burning altar of Makhleb.
 13726 | D:11     | Noticed a cyclops
 13740 | D:11     | Killed a cyclops
 14129 | D:11     | Noticed an eight-headed hydra
 14131 | D:11     | Mangled by an eight-headed hydra

Illustrated notes

Levels and vault maps discovered:
D:1:      shiori_arrival_oz, layout_basic
D:2:      layout_basic, marbit_many_paths, dancing_weapons_uskayaw
D:3:      layout_basic, grunt_decor_junction
D:4:      layout_basic
D:5:      layout_loops_corners, led_sif_book, cheibrodos_sewer_entry_drain
D:6:      layout_basic, overflow_temple_1_default,
          minmay_temple_entry_sparse_star, minmay_misc_feat_more_columns,
          elyvilon_altar_3
D:7:      layout_loops_ring, bloody_makhleb, kennysheep_little_box,
          roderic_roman_lattice
D:8:      layout_loops_ring, nicolae_ossuary_entry_ruins
D:9:      layout_irregular_city, okawaru_metal_pillars_1_2, uniq_erica,
          uniq_joseph
D:10:     layout_loops_ring, zombieorc1_lemuel, minmay_sticks_and_stones
D:11:     layout_basic, lair_entry_dummy, basic_altar, minmay_between
Temple:   regret_index_temple_generic_petals

Skill      XL: |  1  2  3  4  5  6  7  8  9 10 11 |
---------------+----------------------------------+-----
Dodging        | 3 4 5 7 8 |  8.4
Armour         | 1 2 3 4 6 7 |  7.9
Fighting       | 3 4 5 6 7 8 9 |  9.6
Unarmed Combat | 4 5 6 8 9 |  9.9
Shields        | 2 4 |  4.0
Invocations    | 1 4 |  4.3
Throwing       | |  1.7

Action                   |  1- 3 |  4- 6 |  7- 9 | 10-12 || total
-------------------------+-------+-------+-------+-------++-------
Melee: Unarmed           |    95 |   256 |   484 |   393 ||  1228
       Punch             |       |     4 |    13 |       ||    17
Throw: Throwing net      |       |       |     3 |     2 ||     5
Invok: Heroism           |       |       |       |     6 ||     6
  Use: Scroll            |       |     6 |    11 |     3 ||    20
       Potion            |       |     2 |     2 |     6 ||    10
 Stab: Invisible         |       |     1 |       |       ||     1
Armor: Leather armour    |    29 |    74 |     6 |    57 ||   166
       Ring mail         |       |       |   125 |     8 ||   133
Dodge: Dodged            |    57 |   228 |   242 |   154 ||   681
Block: Buckler           |       |       |    73 |   148 ||   221
       Reflection        |       |       |       |     5 ||     5

Table legend: (Time is in decaauts)
 A = Elapsed time spent in this place.
 B = Non-inter-level travel time spent in this place.
 C = Inter-level travel time spent in this place.
 D = Time resting spent in this place.
 E = Time spent auto-exploring this place.
 F = Levels seen in this place.
 G = Mean time per level.
                   A        B        C        D        E       F      G
               +--------+--------+--------+--------+--------+-----+--------+
         Total |  14040 |  13695 |    345 |   3180 |   8252 |  14 | 1002.9 |
       Dungeon |  13020 |  12711 |    309 |   2882 |   7743 |  11 | 1183.6 |
        Temple |    269 |    233 |     36 |      0 |    233 |   1 |  269.0 |
         Sewer |    304 |    304 |      0 |    101 |    133 |   1 |  304.0 |
       Ossuary |    445 |    445 |      0 |    197 |    142 |   1 |  445.0 |
               +--------+--------+--------+--------+--------+-----+--------+

Top non-repeatable levels by time:
    D:10: 1935 daAuts
     D:9: 1609 daAuts
     D:5: 1505 daAuts
     D:1: 1306 daAuts
     D:4: 1183 daAuts
    D:11: 1166 daAuts
     D:6: 1073 daAuts
     D:7: 977 daAuts
     D:2: 855 daAuts
     D:8: 790 daAuts
     D:3: 617 daAuts
 Ossuary: 445 daAuts
   Sewer: 304 daAuts
  Temple: 269 daAuts
